 Dungeon Crawl Stone Soup version 0.21.0 (webtiles) character file.

42 theanonym the Skirmisher (level 3, 0/29 HPs)
             Began as a Human Abyssal Knight on Jan 7, 2018.
             Was a Follower of Lugonu.
             Succumbed to a worker ant's poison
             ... on level 2 of the Dungeon.
             The game lasted 00:01:46 (1287 turns).

theanonym the Skirmisher (Human Abyssal Knight)     Turns: 1287, Time: 00:01:46

Health: 0/29       AC:  3    Str: 13    XL:     3   Next: 80%
Magic:  4/4        EV:  8    Int: 12    God:    Lugonu [*.....]
Gold:   43         SH:  7    Dex: 12    Spells: 2/2 levels left

rFire    . . .     SeeInvis .   a - +1 hand axe
rCold    . . .     Gourm    .   k - +0 shield
rNeg     . . .     Faith    .   b - +0 leather armour {4}
rPois    .         Spirit   .   (no helmet)
rElec    .         Reflect  .   (no cloak)
rCorr    .         Harm     .   (no gloves)
MR       .....                  (no boots)
Stlth    +.........             (no amulet)
HPRegen  0.09/turn              (no ring)
MPRegen  0.09/turn              (no ring)

@: lethally poisoned (0 -> -6)
A: no striking features
a: Depart the Abyss, Renounce Religion


   Skills:
 + Level 3.4 Fighting
 * Level 3.1 Axes
 + Level 2.1 Armour
 - Level 1.0 Dodging
 + Level 0.5 Shields
 - Level 2.0 Invocations


You had 2 spell levels left.
You didn't know any spells.

Skill      XL: |  1  2 |
---------------+-------+-----
Axes           | 3 |  3.1
Fighting       | |  3.4
Armour         | |  2.1
Dodging        | |  1.0
Shields        | |  0.5
Invocations    | |  2.0

Action                   || total
-------------------------++-------
Melee: Hand axe          ||    95
  Eat: Chunk             ||     1
Armor: Leather armour    ||    25
Dodge: Dodged            ||    19
Block: Large shield      ||    24
       Shield            ||     6

Inventory:

Hand Weapons
 a - a +1 hand axe (weapon)
Armour
 b - a +0 leather armour (worn) {4}
 g - a +0 large shield
   (You found it on level 1 of the Dungeon)
 k - a +0 shield (worn)
   (You found it on level 1 of the Dungeon)
Scrolls
 c - a scroll of blinking {unknown}
 h - a scroll of teleportation {unknown}
 i - a scroll of identify {unknown}
 j - a scroll of remove curse {unknown}
Potions
 d - a potion of magic {unknown}
 f - a potion of ambrosia {unknown}
 l - a potion of invisibility {unknown}
Comestibles
 e - 2 rations


You were on level 2 of the Dungeon.
You worshipped Lugonu.
Lugonu was aware of your devotion.
You were not hungry.

You visited 1 branch of the dungeon, and saw 2 of its levels.
You visited the Abyss 1 time.

You collected 43 gold pieces.

Dungeon Overview and Level Annotations

Branches:
Dungeon (2/15)

Altars:

#########
.........
.......######
#..........#
#..........#
#....<.....#
#....<@....#
#......†...#
#..........#
#..........#
############


There were no monsters in sight!

Notes
Turn   | Place    | Note
-------+----------+-------------------------------------------
     0 | Abyss:1  | theanonym the Human Abyssal Knight began the quest for the Orb.
     0 | Abyss:1  | Reached XP level 1. HP: 18/18 MP: 2/2
    56 | Abyss:1  | Found a corrupted altar of Lugonu.
   102 | D:1      | Escaped the Abyss
   327 | D:1      | HP: 9/18 [ooze (5)]
   329 | D:1      | HP: 3/18 [ooze (3)]
   348 | D:1      | Reached XP level 2. HP: 5/24 MP: 3/3
  1284 | D:2      | HP: 12/24 [worker ant (7)]
  1286 | D:2      | HP: 5/24 [worker ant (6)]
  1286 | D:2      | HP: 1/24 [worker ant (4)]
  1287 | D:2      | Reached skill level 3 in Axes
  1287 | D:2      | Reached XP level 3. HP: 1/29 MP: 4/4
  1287 | D:2      | Succumbed to a worker ant's poison

Vanquished Creatures
  A worker ant (D:2)
  An ooze (D:1)
  A dart slug (D:1)
  A ball python (D:1)
  2 goblins (D:1)
  A hobgoblin (D:1)
  2 bats (D:1)
  A kobold (D:1)
  5 rats (D:1)
  A plant (D:1)
16 creatures vanquished.

Table legend:
 A = Turns spent in this place as a percentage of turns spent in the entire game.
 B = Non-inter-level travel turns spent in this place as a percentage of non-inter-level travel turns spent in the entire game.
 C = Inter-level travel turns spent in this place as a percentage of turns spent in this place.
 D = Turns resting spent in this place as a percentage of non-inter-level travel turns spent in this place.
 E = Turns spent auto-exploring this place as a percentage of non-inter-level travel turns spent in this place.
 F = Non-inter-level travel turns spent in this place divided by the number of levels of this place that you've seen.
                   A       B       C       D       E      F
               +-------+-------+-------+-------+-------+----------------------
         Total | 100.0 | 100.0 |   6.4 |  26.3 |  54.8 | 401.7
       Dungeon |  92.1 |  91.5 |   6.9 |  28.7 |  51.2 | 551.5
         Abyss |   7.9 |   8.5 |   0.0 |   0.0 |  93.1 | 102.0
               +-------+-------+-------+-------+-------+----------------------
